[Event "12th WLC Weekend 2022"]
[Site "Eindhoven"]
[Date "2022.05.14"]
[Round "2.24"]
[White "Bakija, Alan"]
[Black "Van de Lagemaat, Arend"]
[Result "0-1"]
[ECO "D02"]
[WhiteElo "1868"]
[BlackElo "1995"]
[Annotator "TA"]
[PlyCount "126"]
[EventDate "2022.05.13"]
[EventType "swiss"]
[EventCountry "NED"]
[SourceTitle "playchess.com"]
[Source "ChessBase"]
[SourceQuality "1"]
[TimeControl "5400+30"]

1. Nf3 d5 2. g3 c5 3. Bg2 Nc6 4. d4 Nf6 5. O-O Bg4 6. Ne5 cxd4 7. Nxg4 Nxg4 8. e3 Nf6 9. exd4 e6 10. b3 {[%emt 0:07:19] D02: 1 d4 d5 2 Nf3 sidelines, including 2...Nf6 3 g3 and 2...Nf6 3 Bf4.} Be7 11. Bb2 O-O 12. Nd2 {[%emt 0:01:24] The position is equal.} Qb6 {[%emt 0:01:41] [#]} 13. c3 $146 ({Predecessor:} 13. Nf3 Rfd8 14. Qe2 Rac8 15. Rfd1 a5 16. c4 a4 17. c5 Qa5 18. Qd3 Ne4 19. a3 {½-½ (19) Askarov,M (2434)-Abrashkin,B (2388) Cheliabinsk 2005}) 13... Rfc8 14. Qe2 a5 15. a4 Bf8 16. Rfd1 Rd8 17. Qb5 Qc7 18. Nf1 Ra6 19. Qd3 Rb6 20. c4 dxc4 21. Qxc4 Rb4 22. Qc2 Qb6 23. Bxc6 {[%emt 0:00:45] aiming for Bb5.} bxc6 {[%emt 0:04:00] [#]} (23... Qxc6 24. Qxc6 bxc6) (23... Rc8 $11 {remains equal.}) 24. Bc3 $1 $16 Rbxd4 (24... Nd5) (24... Nd5 $16) 25. Bxd4 $18 Rxd4 26. Rxd4 Qxd4 27. Rd1 Qb6 28. Rc1 Ng4 29. Qe2 h5 30. h3 $36 {[%emt 0:01:24][%mdl 2048] White is really pushing.} Nf6 31. Qc4 Nd5 (31... c5 32. Nd2 Bd6) (31... Ba3 {might work better.}) 32. Nd2 (32. Qxc6 Qxb3 33. Qb5) (32. Qxc6 $18 {and the rest is easy.} Qxc6 33. Rxc6) 32... Nb4 33. Nf3 Bd6 (33... g6 $16) 34. Kg2 Bb8 (34... c5 $142 35. Ng5 Be7) 35. Qc5 Qc7 (35... Qd8 36. Qxh5 Ba7) 36. Qxh5 Ba7 37. Ng5 Bxf2 (37... Bd4 38. Qh7+ Kf8 39. Qh8+ Ke7) (37... Bd4 $142 38. Qh7+ Kf8 39. Qh8+ Ke7) 38. Qh7+ (38. Rc3 Nd5 39. Qh7+ Kf8 40. Rf3 Ne3+ 41. Kxf2) (38. Rc3 $142 {Hoping for Rf3.} Bxg3 39. Qh7+ Kf8 40. Qh8+ Ke7 41. Qxg7) 38... Kf8 39. Kxf2 (39. Qh8+ Ke7 40. Kxf2 Qb6+ 41. Kg2 Qd4) (39. Qh8+ Ke7 40. Kxf2 Qb6+ 41. Kg2 Qd4 $18) 39... Qe5 {[%emt 0:01:09] [#]} (39... Qd6 40. Kf3 Qd5+ 41. Kg4 Qd4+ 42. Qe4 f5+ 43. Kh4 Qxe4+ 44. Nxe4 fxe4) (39... Qd6 $142 40. Kf3 Qd5+ 41. Kg4 Qd4+ 42. Qe4 f5+ 43. Kh4 Qxe4+ 44. Nxe4 fxe4) 40. Rd1 $1 {[%emt 0:01:27][%cal Oh7g8] White threatens Qg8+! and mate.} Nd5 (40... Qf6+ 41. Kg1) 41. Qh5 Qe3+ 42. Kg2 g6 43. Qg4 $2 ({Weaker is} 43. Qh8+ Ke7 44. Qd4 Qxg5 $16) (43. Qh6+ Ke7 44. Rf1 Qe2+ 45. Kg1) 43... Qxb3 $2 (43... f5 44. Qd4 Qxg5) (43... f5 {is a better chance.} 44. Qd4 Qxg5) 44. Qf3 $4 (44. Kg1 $18 {and life is good for White.}) 44... Ne3+ $19 45. Kh2 Qc2+ 46. Rd2 $2 (46. Kg1 Qxd1+ 47. Qxd1 Nxd1 48. Nf3) 46... Qxd2+ {[%emt 0:00:09][%mdl 4096] Endgame KQN-KQN} 47. Kg1 Qd1+ 48. Qxd1 Nxd1 {[%emt 0:00:33] KN-KN} 49. Nf3 Nb2 50. Nd4 $2 (50. Ne5) 50... c5 51. Nb3 Nxa4 52. Nxa5 Kg7 53. Nc4 f5 54. Kf2 Kf6 55. g4 Nc3 56. Kf3 e5 57. Ne3 e4+ 58. Kg3 Ke5 {[%emt 0:00:37] ( -> ...f4+)} 59. Ng2 {[%emt 0:00:43] Inhibits f4+.} Nd5 {[%emt 0:00:50] Black mates.} 60. h4 f4+ 61. Kf2 Nf6 62. g5 Nh5 63. Ne1 Kd4 {[%emt 0:00:16] Weighted Error Value: White=0.63/Black=0.45} 0-1

[Event "12th WLC Weekend 2022"]
[Site "Eindhoven"]
[Date "2022.05.14"]
[Round "2.25"]
[White "Winkels, Marcel"]
[Black "Kurt, Sascha"]
[Result "1-0"]
[ECO "B40"]
[WhiteElo "1965"]
[BlackElo "1751"]
[Annotator "TA"]
[PlyCount "145"]
[EventDate "2022.05.13"]
[EventType "swiss"]
[EventCountry "NED"]
[SourceTitle "playchess.com"]
[Source "ChessBase"]
[SourceQuality "1"]
[TimeControl "5400+30"]

1. e4 c5 2. Nf3 e6 3. d3 Nc6 4. g3 b6 5. Bg2 Bb7 6. O-O {[%emt 0:00:12] B40: Sicilian: 2...e6, Unusual lines.} Be7 7. c3 d6 {[%emt 0:00:57] [#]} 8. d4 $146 {[%emt 0:00:29] White is slightly better.} ({Predecessor:} 8. Qe2 Qc7 9. Bf4 e5 10. Bc1 Nf6 11. Nbd2 O-O 12. Nh4 g6 13. Nc4 b5 14. Ne3 {0-1 (33) Karyagin,D (2007)-Antropov,A (2111) Nizhnij Tagil 2006}) 8... cxd4 9. cxd4 Nf6 (9... d5) 10. d5 exd5 (10... Ne5 $14) 11. exd5 $16 Ne5 12. Nc3 O-O $2 {[%emt 0:01:05] [#] A mistake that costs the game.} (12... Nxf3+ 13. Qxf3 O-O) (12... Nxf3+ $14 13. Qxf3 O-O) 13. Nxe5 $1 $18 dxe5 14. d6 $1 Bxg2 15. dxe7 Qxe7 16. Kxg2 Qb7+ 17. Kg1 Rad8 18. Qe2 Qd7 19. Bg5 Qh3 20. Bxf6 gxf6 21. Rfd1 Rc8 (21... Qe6 22. Qa6 Rd4 23. Rxd4 exd4) (21... Kh8 $142 22. Qa6 Rd4 23. Rxd4 exd4) 22. Rd6 Rc5 23. Ne4 Ra5 24. b4 Ra3 25. Nxf6+ Kh8 26. Qxe5 Rf3 27. Qh5 Qxh5 28. Nxh5 Rf5 29. Nf4 Rc8 30. Rad1 Rc2 31. R1d2 Rc4 32. R6d4 Rc3 33. Rd5 Rxd5 34. Rxd5 {[%emt 0:00:08][%mdl 4096] Endgame KRN-KR} Rc2 35. a4 Rb2 36. Nd3 Rb3 37. Kf1 Ra3 38. a5 bxa5 39. bxa5 Kg7 40. Ke2 Ra2+ 41. Ke3 Ra3 42. h4 h6 43. Kd4 Kf6 44. Rd6+ Ke7 45. Ra6 Ra4+ 46. Ke3 f5 47. Rxa7+ Kf6 48. a6 Ra3 49. Ra8 Kg7 50. a7 Kh7 51. Rf8 Rxa7 52. Rxf5 (52. Ne5 $142 Kg7 53. Rxf5 Ra3+ 54. Ke4 Ra4+ 55. Kf3 Kg8 56. Rh5 Ra3+ 57. Kg2) 52... Re7+ 53. Kf3 {[%emt 0:00:13] White mates.} Rd7 54. Ne5 Rd5 55. Ke4 (55. Kg4 Rd6 56. Rf7+ Kh8 57. Kf5 h5 58. Rf6 Rd5 59. Kg6 Kg8 60. f4) 55... Ra5 56. Rf7+ Kg8 57. Rc7 Ra6 58. Kf5 Rd6 59. f3 h5 60. Rc6 Rd4 61. Rh6 Rd5 62. Rxh5 Rd6 63. Rg5+ Kh7 64. g4 Ra6 65. Rg6 Ra7 66. h5 Rb7 67. Rf6 Rb4 68. g5 Kg8 69. h6 Ra4 70. f4 Rb4 71. Kg6 Rb8 72. h7+ Kh8 73. Nf7# {[%emt 0:00:06] Weighted Error Value: White=0.29 (precise) /Black=0.97} 1-0

[Event "12th WLC Weekend 2022"]
[Site "Eindhoven"]
[Date "2022.05.14"]
[Round "2.26"]
[White "Klapwijk, Leo"]
[Black "Krueger, Andre"]
[Result "1/2-1/2"]
[ECO "B23"]
[WhiteElo "1828"]
[BlackElo "1970"]
[Annotator "TA"]
[PlyCount "116"]
[EventDate "2022.05.13"]
[EventType "swiss"]
[EventCountry "NED"]
[SourceTitle "playchess.com"]
[Source "ChessBase"]
[SourceQuality "1"]
[TimeControl "5400+30"]

1. e4 c5 2. Nc3 e6 3. f4 a6 4. Nf3 d5 5. e5 Nc6 6. d4 {[%emt 0:02:29] B23: Closed Sicilian: Lines without g3.} Nh6 7. Be3 (7. Ne2 $11) 7... Nf5 $17 8. Bf2 {[%emt 0:00:28] Black is better.} cxd4 (8... Nfxd4 {is interesting.} 9. Nxd4 Nxd4 10. Bxd4 cxd4 11. Qxd4 Bd7) 9. Nxd4 Nfxd4 10. Bxd4 {[%emt 0:00:28] [#]} Nxd4 $146 ({Predecessor:} 10... Bd7 11. Ne2 Rc8 12. Bf2 Be7 13. c3 f6 14. exf6 Bxf6 15. g3 O-O 16. Bg2 Ne7 {1-0 (42) Domenech Plana,J (2016)-Garcia Taberner,L Girona 2003}) 11. Qxd4 Qc7 12. Qa4+ Bd7 13. Bb5 Rc8 (13... Bxb5 $2 14. Nxb5 Qc6 15. Nc7+ Kd7 16. Qxc6+ (16. Nxa8 Bc5 $18) 16... Kxc6 17. Nxa8 $18) 14. Bxd7+ Qxd7 15. Qxd7+ Kxd7 16. O-O-O Rc4 17. Ne2 Bc5 (17... Re4 $5 18. Rde1 Rg8 $15) 18. Rd3 Rc8 19. Rf1 Ke7 20. Kd1 Ba7 21. c3 g6 22. Rff3 (22. b3 $11 R4c5 23. g4) 22... h5 23. Kd2 Rd8 (23... Re4 {is interesting.} 24. h4 Rec4 25. Nd4 b5) 24. b3 Rcc8 25. h3 h4 26. Nd4 Bxd4 (26... b5 {with more complications.} 27. Rf1 Rc7 28. Nf3 Rh8) 27. Rxd4 $15 {[%emt 0:00:08][%mdl 4096] Endgame KRR-KRR} Rh8 28. Rb4 Rc7 29. Rd3 Rh5 30. Re3 g5 31. Kd3 gxf4 32. Rxf4 Rc8 33. Rg4 Rf5 34. Re2 Rh8 35. Rb4 b5 36. a4 Rhh5 37. axb5 axb5 38. Kd4 Rf4+ 39. Kc5 Rff5 ({Much less strong is} 39... Rxb4 40. Kxb4 Rh8 41. Kxb5 $14) 40. Kxb5 (40. Rxb5 {keeps more tension.} Rxe5 41. Rb7+ Kf6 42. Rc2) 40... Rxe5 41. Rxe5 Rxe5 42. Rxh4 $11 {[%emt 0:01:06] KR-KR} Kd6 43. Rh7 f5 44. b4 Re3 45. c4 dxc4 46. Kxc4 Rg3 47. b5 Rxg2 48. h4 Rg4+ 49. Kd3 (49. Kc3 $11) 49... Kc5 (49... Rb4 $17 50. h5 Rxb5) 50. h5 e5 51. h6 Rg3+ 52. Ke2 {[%emt 0:00:15] Hoping for Rh8.} Kxb5 $2 {[%emt 0:01:29][%mdl 8192] [#]} (52... Kb6 $11) 53. Re7 $2 (53. Rh8 $1 {mates} Rg2+ 54. Kf3 Rh2 55. h7 Kc6 56. Rc8+ Kd6 57. h8=Q Rxh8 58. Rxh8) 53... Rh3 {[%emt 0:01:00] The position is equal.} 54. Rxe5+ Kc4 55. Re6 Kd5 56. Rg6 Ke5 57. Kf2 f4 58. Kg2 Kf5 {[%emt 0:00:55] Weighted Error Value: White=0.37/Black=0.27 (precise)} 1/2-1/2

[Event "12th WLC Weekend 2022"]
[Site "Eindhoven"]
[Date "2022.05.14"]
[Round "2.27"]
[White "Van Zon, Paul"]
[Black "Lind, Jacco"]
[Result "0-1"]
[ECO "D15"]
[WhiteElo "2000"]
[BlackElo "1801"]
[Annotator "TA"]
[PlyCount "70"]
[EventDate "2022.05.13"]
[EventType "swiss"]
[EventCountry "NED"]
[SourceTitle "playchess.com"]
[Source "ChessBase"]
[SourceQuality "1"]
[TimeControl "5400+30"]

1. d4 d5 2. c4 c6 3. Nc3 Nf6 4. Nf3 a6 5. e3 Bf5 6. Qb3 Ra7 {[%emt 0:02:51] D15: Slav Defence: 4 Nc3 a6 and gambit lines after 4 Nc3 dxc4.} 7. c5 {[%emt 0:02:07] [#]} g6 $146 (7... h6 {looks sharper.} 8. Ne5 Nbd7 9. Bd3 e6) ({Predecessor:} 7... Nbd7 8. Nh4 Be4 9. f4 e6 10. Nf3 Bg6 11. Be2 Be7 12. O-O O-O 13. Bd2 Ne4 14. Na4 {0-1 (67) Sanchez Alvares,K (2250)-Le,T (2514) Chess.com INT 2021}) 8. Be2 Bg7 {[%emt 0:00:54] White is slightly better.} 9. O-O O-O 10. Bd2 Re8 11. a4 a5 12. Qa3 (12. Nh4 $11) 12... Ne4 13. b4 (13. Be1 $11) 13... Nxd2 $17 14. Nxd2 e5 15. Nf3 exd4 16. Nxd4 axb4 17. Qxb4 Qa5 18. Qxa5 Rxa5 19. Nxf5 gxf5 20. Rfc1 f4 21. Rab1 fxe3 22. Rxb7 Bd4 ({And not} 22... Rxc5 23. Na2 exf2+ 24. Kxf2 $17) 23. f4 (23. Kf1 $17 {was necessary.}) 23... Rxc5 $2 (23... Na6 $1 $19 {aiming for ...Bxc3.} 24. Rb6 Bxc5 $1 25. Rxc6 (25. Rxa6 $2 Rxa6 26. Kf1 Ra5 $19) 25... Nb4) 24. Na2 Na6 {[%emt 0:02:57] Hoping for ...Ra5.} 25. g3 ({Don't go for} 25. Rd1 $2 Rc2 26. Nc1 Nc5 $19) (25. Kf1 $142 Ra8 26. Bd1) 25... Rxc1+ 26. Nxc1 Nc5 27. Rc7 {[%emt 0:02:12][%mdl 8192] [#] White does not recover from this.} (27. Rb6 $17 {is tougher.}) 27... Rb8 $1 $19 {[%emt 0:00:28] Black is clearly winning.} 28. Kg2 Rb1 29. Nd3 Nxd3 30. Bxd3 {[%emt 0:00:11][%mdl 4096] Endgame KRB-KRB} Rb2+ 31. Kf3 Rf2+ 32. Kg4 Rd2 33. Ba6 c5 {[%emt 0:00:11][%cal Bc6c5,Bc5c4][%mdl 32] Threatens to win with ...c4.} ({Weaker is} 33... e2 34. Re7 $15) 34. Rd7 c4 {[%emt 0:01:32] Strongly threatening ...e2.} 35. Rxd5 e2 {[%emt 0:00:37] Weighted Error Value: White=0.88/Black=0.07 (flawless)} 0-1

[Event "12th WLC Weekend 2022"]
[Site "Eindhoven"]
[Date "2022.05.14"]
[Round "2.28"]
[White "Plasmans, Bart"]
[Black "De Vries, Leon"]
[Result "1-0"]
[ECO "C02"]
[WhiteElo "1775"]
[BlackElo "1951"]
[Annotator "TA"]
[PlyCount "71"]
[EventDate "2022.05.13"]
[EventType "swiss"]
[EventCountry "NED"]
[SourceTitle "playchess.com"]
[Source "ChessBase"]
[SourceQuality "1"]
[TimeControl "5400+30"]

1. e4 e6 2. d4 d5 3. e5 c5 4. c3 Nc6 5. Nf3 Nge7 6. dxc5 Ng6 {[%emt 0:00:14][%csl LRc5,LRe5] C02: French: Advance Variation.} 7. Be3 Ngxe5 8. Nxe5 Nxe5 {[%emt 0:00:11] The position is equal.} 9. Nd2 Be7 10. Be2 (10. f4 $11 Nd7 11. Bb5) 10... Qc7 $15 11. b4 O-O 12. O-O {[%emt 0:02:24] [#]} b6 $146 ({Predecessor:} 12... Bf6 13. Bd4 Rd8 14. Nf3 Nxf3+ 15. Bxf3 e5 16. Be3 e4 17. Be2 Bxc3 18. Rb1 Bf5 {1-0 (45) Roesch,F (1511)-Weber,T (1433) Willingen 2018}) 13. Nb3 Nc4 14. Bxc4 dxc4 15. cxb6 axb6 16. Nd4 Bb7 17. Re1 (17. a4) (17. a4 $11) 17... Bf6 18. Qg4 Rae8 (18... e5 $15 19. Nb5 Qc6) 19. Bg5 (19. a4 $11) 19... Bxd4 $17 20. Qxd4 e5 21. Qd2 Qc6 {[%emt 0:04:32][%csl Gb7][%cal Rc6g2] [#]} 22. f3 f6 (22... f5 23. Qe2 Re6) (22... f5 $17 {...Qg6 is the strong threat.} 23. Bh4 f4) 23. Be3 $15 f5 24. Qf2 Re6 25. b5 Qxb5 {[%emt 0:01:16] And now ...f4 would win.} 26. Rab1 Qa5 27. Bxb6 Qxc3 (27... Qa8 $11) 28. Bd4 $2 Qxd4 $14 29. Qxd4 exd4 30. Rxe6 {[%emt 0:00:05][%mdl 4096] Endgame KRR-KRB} c3 $2 {[%emt 0:02:53][%mdl 8192] [#]} 31. Rd6 $1 $18 (31. Rxb7 Rc8) (31. Rxb7 Rc8 $11) 31... Ba6 32. Rxd4 (32. Rxa6 c2 33. Rc1 d3 34. Rxc2 (34. Rd6 Rb8) 34... dxc2) ({Weaker is} 32. Rxa6 c2 33. Rc1 d3 $14) 32... Be2 (32... Rc8 {might work better.} 33. a4 Rc6) 33. Rc1 Rc8 34. Kf2 Bb5 35. Rb4 ({Less strong is} 35. Rd5 Be8 36. Rxf5 c2 $18) 35... Ba6 36. Rb6 {[%emt 0:00:20] Weighted Error Value: White=0.42/Black=0.57} 1-0

[Event "12th WLC Weekend 2022"]
[Site "Eindhoven"]
[Date "2022.05.14"]
[Round "3.1"]
[White "Baselmans, Luuk"]
[Black "Beerdsen, Thomas"]
[Result "0-1"]
[ECO "B51"]
[WhiteElo "2233"]
[BlackElo "2497"]
[Annotator "TA"]
[PlyCount "42"]
[EventDate "2022.05.13"]
[EventType "swiss"]
[EventCountry "NED"]
[SourceTitle "playchess.com"]
[Source "ChessBase"]
[SourceQuality "1"]
[TimeControl "5400+30"]

1. e4 c5 2. Nf3 d6 3. Bb5+ Nd7 4. Ba4 Ngf6 5. O-O a6 6. c4 {[%emt 0:00:12] Against b5. B51: Sicilian: Moscow Variation (3 Bb5+) without 3...Bd7.} e6 7. Nc3 {[%emt 0:00:40] Inhibits b5.} Be7 8. d4 {[%emt 0:02:07] The position is equal.} cxd4 9. Nxd4 O-O 10. Qe2 Qc7 {[%emt 0:02:34] [#]} 11. h3 $146 ({Predecessor:} 11. Kh1 Ne5 12. Bb3 Bd7 13. f4 Nc6 14. Nf3 Rfc8 15. e5 Ne8 16. Bc2 g6 17. Bd2 {½-½ (46) Bacrot,E (2642)-Shankland,S (2708) Belgrade 2022}) 11... Nb6 12. Bb3 $1 Bd7 13. Be3 (13. Nc2 $11) 13... Rfc8 $15 14. Rac1 Nxc4 15. Bg5 b5 16. a4 ({White should play} 16. Bxc4 bxc4 17. Bh4) 16... h6 $17 17. Bh4 Qb6 18. Rfd1 (18. Nf3 $17) 18... Na5 $19 19. axb5 axb5 {[%emt 0:01:30][%cal Ba6b5,Bb5b4][%mdl 32] [#] Threatens to win with ...b4.} 20. Bc2 (20. e5 $142 dxe5 21. Qxe5) 20... b4 21. Na4 (21. Ncb5 $142 Rc4 22. b3) 21... Bxa4 {[%emt 0:00:22] Weighted Error Value: White=0.34/Black=0.00 (flawless)} 0-1

[Event "12th WLC Weekend 2022"]
[Site "Eindhoven"]
[Date "2022.05.14"]
[Round "3.2"]
[White "Van Roon, Sjoerd"]
[Black "Grooten, Herman"]
[Result "1-0"]
[ECO "B80"]
[WhiteElo "2264"]
[BlackElo "2286"]
[Annotator "TA"]
[PlyCount "59"]
[EventDate "2022.05.13"]
[EventType "swiss"]
[EventCountry "NED"]
[SourceTitle "playchess.com"]
[Source "ChessBase"]
[SourceQuality "1"]
[TimeControl "5400+30"]

1. e4 c5 2. Nf3 e6 3. d4 cxd4 4. Nxd4 a6 5. Bd3 Nf6 6. Nc3 d6 7. Be3 {[%emt 0:02:45] 7.f4 gains popularity.} Nbd7 {[%emt 0:02:57] B80: Sicilian Scheveningen: 6 g3 and 6 Be3, including English Attack.} 8. g4 {[%emt 0:04:19] [#]} h5 $146 ({Predecessor:} 8... h6 9. h4 Ne5 10. Rg1 g6 11. f4 Nxd3+ 12. cxd3 h5 13. g5 Ng4 14. Qf3 Bg7 15. O-O-O {0-1 (33) Damljanovic,B-Cebalo,M (2465) Skender Vakuf (Knezevo) 1980}) 9. g5 Ng4 {[%emt 0:00:12] The position is equal.} 10. g6 Nde5 11. gxf7+ Kxf7 12. Nf3 Nxf3+ ({Black should try} 12... Nxe3 $11 13. fxe3 Kg8) 13. Qxf3+ $14 Qf6 14. Qe2 (14. Qg2 $14 {is superior.}) 14... Nxe3 $11 15. fxe3 Qh4+ (15... Ke7 $11 {remains equal.}) 16. Kd2 $16 Be7 (16... Bd7 $14) 17. Raf1+ Kg8 $2 {[%emt 0:07:58] This move loses the game for Black.} (17... Ke8 $16 {was necessary.}) 18. Rhg1 ({Weaker is} 18. Qf3 Qf6 $14) 18... e5 19. Bc4+ Kh7 20. Rf7 $40 {[%emt 0:00:09][%mdl 128] White has strong attack.} ({Not} 20. Qg2 Bg4 $16) 20... Bg4 {[%emt 0:01:26] [#] White must now prevent ...Raf8.} 21. h3 $1 Raf8 $2 (21... Bxe2 $2 {leads to mate.} 22. Rfxg7+ Kh6 23. R1g6#) (21... Qxh3 22. Rxe7 Rhe8) 22. hxg4 $18 Rxf7 23. Bxf7 Rf8 24. Rf1 hxg4 25. Qg2 Qh6 26. Nd5 Bh4 27. Qxg4 {[%emt 0:00:36][%cal Of7g6] [#] Threatens to win with Bg6+!} Bg5 28. Rf3 {[%emt 0:01:39][%cal Of7g6] And now Bg6+! would win.} Qh2+ 29. Kd3 Bh6 30. Bg6+ {[%emt 0:00:08] Weighted Error Value: White=0.16 (very precise) /Black=0.90} 1-0

[Event "12th WLC Weekend 2022"]
[Site "Eindhoven"]
[Date "2022.05.14"]
[Round "3.3"]
[White "Roebers, Eline"]
[Black "Jansen, Bob"]
[Result "1-0"]
[ECO "C18"]
[WhiteElo "2369"]
[BlackElo "2174"]
[Annotator "TA"]
[PlyCount "71"]
[EventDate "2022.05.13"]
[EventType "swiss"]
[EventCountry "NED"]
[SourceTitle "playchess.com"]
[Source "ChessBase"]
[SourceQuality "1"]
[TimeControl "5400+30"]

1. e4 {[%emt 0:00:02] Szabo,Kr} e6 2. d4 d5 3. Nc3 Bb4 4. e5 c5 5. a3 Ba5 6. b4 cxd4 {[%emt 0:00:02] [#]} 7. Qg4 $1 Kf8 {[%emt 0:01:09] is the new trend. C18: French: 3 Nc3 Bb4: Main line: 7 h4 and 7 Qg4.} 8. Nb5 {[%emt 0:00:20][%mdl 1024] White has compensation.} Bb6 9. Nf3 Nc6 {[%emt 0:00:59] The position is equal.} 10. Bb2 $1 Nge7 11. Bd3 Ng6 12. Qg3 f6 13. Bxg6 ({Much worse is} 13. exf6 gxf6 14. Nfxd4 e5 $17) 13... hxg6 14. Nbxd4 Nxe5 15. Nxe5 fxe5 16. Nf3 (16. Qxe5 $5 Qe7 17. O-O-O $11) 16... e4 $1 17. Ne5 Kg8 $1 18. Qxg6 {[%emt 0:08:24] Strongly threatening Nf7.} Qe7 {[%emt 0:10:46] Prevents Nf7.} 19. Ng4 {[%emt 0:10:16] [#]} (19. c4 $11) 19... e5 $146 {[%emt 0:21:40] White must now prevent ...Qh4.} ({Predecessor:} 19... Bd7 20. Nf6+ Kf8 21. Nh7+ Kg8 22. Nf6+ Kf8 23. Nh7+ Kg8 24. Nf6+ Kf8 {½-½ (24) Grischuk,A (2766)-Mamedyarov,S (2801) Saint Louis 2018 CBM 186 [Szabo,Kr]}) 20. Nxe5 Rh6 $1 21. Qg3 Bc7 {[%emt 0:00:08] aiming for ...Rh5.} 22. O-O-O $36 {[%emt 0:02:34][%cal Ba1d1,Bd1d5,Bd5b5][%mdl 2080] White has some pressure.} a5 23. Rxd5 {[%emt 0:06:54] Threatens to win with Rhd1.} Be6 {[%emt 0:01:10] [#]} (23... axb4 $11 24. axb4 Qxb4) 24. Rb5 $1 $16 axb4 25. axb4 ({Don't play} 25. Rxb4 $6 Bd6 $11) 25... Ra2 (25... b6 $16 {is a better defense.} 26. Qe3 Rf8) 26. Rxb7 Rxb2 27. Rxc7 $1 {[%emt 0:02:45] Chess con chili.} Qxc7 28. Kxb2 {[%emt 0:00:05] Hoping for Ng4.} Rh5 {[%emt 0:00:04] [#]} 29. Ng6 Qc4 (29... Qb6 30. Qc3 Rb5) 30. Qb8+ $18 {[%emt 0:01:42] White is clearly winning.} Kh7 (30... Kf7 $142 31. Ne5+ Rxe5 32. Qxe5 Qxb4+ 33. Kc1 Qa3+ 34. Kd2 Qa7) 31. Nf8+ Kh6 32. Qf4+ Rg5 33. Nxe6 Qxb4+ 34. Kc1 Qa3+ 35. Kd1 Qa1+ 36. Qc1 {[%emt 0:00:12] Weighted Error Value: White=0.07 (flawless) /Black=0.23 (precise)} 1-0

[Event "12th WLC Weekend 2022"]
[Site "Eindhoven"]
[Date "2022.05.14"]
[Round "3.4"]
[White "Slagboom, Leandro"]
[Black "Elgersma, Onno"]
[Result "0-1"]
[ECO "C01"]
[WhiteElo "1997"]
[BlackElo "2303"]
[Annotator "TA"]
[PlyCount "116"]
[EventDate "2022.05.13"]
[EventType "swiss"]
[EventCountry "NED"]
[SourceTitle "playchess.com"]
[Source "ChessBase"]
[SourceQuality "1"]
[TimeControl "5400+30"]

1. e4 c6 2. d4 d5 3. f3 Nf6 4. e5 Nfd7 5. f4 e6 6. Nf3 c5 7. c3 Nc6 8. Be3 Qb6 {[%emt 0:02:00] C01: French: Exchange Variation.} 9. Qd2 Be7 10. Bd3 O-O {[%emt 0:04:02] White has an edge.} 11. O-O f6 12. Qc2 (12. b3 $14) 12... f5 {[%emt 0:08:01][%cal Og7g5] [#]} 13. a3 $146 ({Predecessor:} 13. Nbd2 a5 14. Rae1 a4 15. Ng5 cxd4 16. cxd4 Nb4 17. Qb1 Nxd3 18. Qxd3 h6 19. Qe2 hxg5 20. fxg5 {½-½ (43) Larter,N-Biancalana,F Caerleon 2007}) 13... c4 (13... g5 $5) 14. Be2 Na5 15. Nbd2 Qd8 16. g4 Nb6 17. gxf5 exf5 18. Kh1 Qe8 19. Rae1 Be6 20. Bd1 (20. Rg1 {feels hotter.} Rc8 21. Rg3 Bd8 22. Reg1) 20... Bd7 21. Qb1 Rc8 22. Bf2 Ba4 23. Be2 Rc6 24. Rg1 Rg6 25. Bg3 Rh6 26. Nf1 Bd7 27. Ne3 Be6 28. Ng5 Bxg5 (28... Qd7 $16 29. h4 Kh8) 29. fxg5 $18 Rh3 {[%emt 0:02:12] White must now prevent ...f4.} 30. Bf4 (30. Ng2 $18) 30... Rxe3 $16 31. Bxe3 f4 32. Bf2 Nb3 33. Bf3 Nd2 34. Qd1 Nxf3 35. Qxf3 Na4 (35... Bf5 $14) 36. Re2 Qg6 37. h4 Qd3 38. Qxd3 cxd3 39. Rd2 Bf5 40. Rc1 b5 41. Be1 Nb6 42. b3 Kf7 43. Rf2 Be4+ 44. Kh2 Ke6 45. Bd2 f3 46. Kg3 a5 47. c4 (47. Re1 $16) 47... dxc4 $11 48. Bxa5 Nd5 {[%emt 0:00:21] ...Rc8 is the strong threat.} 49. bxc4 bxc4 50. Rxc4 {[%emt 0:00:34] Strongly threatening Rc6+.} Nf4 {[%emt 0:01:34] Threatens to win with ...Ne2+.} 51. Bd2 Ne2+ 52. Kg4 h5+ 53. gxh6 $2 (53. Kh3 $1 $11) 53... gxh6 $19 54. Rb4 $2 (54. Bxh6 Rg8+ 55. Bg5 (55. Kh3 $2 Rg2 $19)) 54... Rg8+ 55. Kh3 Kf5 {[%emt 0:01:13] ( -> ...Rg3+)} 56. Rb6 {[%emt 0:00:43] [#]} Rg3+ $1 57. Kh2 {[%emt 0:00:05][%cal Of2e2] [#] And now Rxe2! would win.} Kg4 $1 58. Rxf3 Rxf3 {[%emt 0:00:34] Never resign too early!  Weighted Error Value: White=0.53/Black=0.09 (flawless)} 0-1